 Dungeon Crawl Stone Soup version 0.30-a0-845-g7c6808c8ce (webtiles) character file.

Game seed: 15544245610494688286

3528 sadpotato the Severer (level 10, -1/121 HPs)
             Began as a Hill Orc Fighter on Mar 3, 2023.
             Was a Believer of Beogh.
             Slain by a howler monkey (6 damage)
             ... on level 8 of the Dungeon.
             The game lasted 00:14:12 (6679 turns).

sadpotato the Severer (Hill Orc Fighter)            Turns: 6679, Time: 00:14:13

Health: -1/121     AC: 25    Str: 23 (24) XL:     10   Next: 8%
Magic:  10/10      EV:  2    Int:  7 (8)  God:    Beogh [**....]
Gold:   210        SH:  4    Dex:  9 (10) Spells: 9/9 levels left

rFire   . . .      SeeInvis .    a - +0 war axe
rCold   + . .      Faith    .    c - +0 buckler
rNeg    + . .      Spirit   .    C - melded +0 chain mail
rPois   +          Reflect  .    t - melded +2 helmet
rElec   .          Rampage  .    (cloak currently unavailable)
rCorr   .          NoTele   +    b - melded +0 pair of gloves
Will    .....                    u - melded +0 pair of boots
Stlth   +                        (no amulet)
HPRegen 0.40/turn                w - ring of protection from cold
MPRegen 0.12/turn                g - ring of positive energy

@: tree-form, hasted, very quick
A: stationary, stasis, torment immunity, boosted hp
a: Renounce Religion, Smiting


You were on level 8 of the Dungeon.
You worshipped Beogh.
Beogh was pleased with you.
You were a tree.
You visited 1 branch of the dungeon, and saw 8 of its levels.
You also visited: Sewer.

You collected 447 gold pieces.
You spent 237 gold pieces at shops.

Inventory:

Hand Weapons
 a - a +0 war axe (weapon)
Missiles
 m - a throwing net (quivered)
Armour
 b - a +0 pair of gloves (melded)
 c - a +0 buckler (worn)
 t - a +2 helmet (melded)
 u - a +0 pair of boots (melded)
 C - a +0 chain mail (melded)
Jewellery
 g - a ring of positive energy (right branch)
 h - a ring of positive energy
 w - a ring of protection from cold (left branch)
Wands
 d - a wand of flame (2)
 p - a wand of digging (4)
Scrolls
 f - 3 scrolls of fear
 j - 4 scrolls of teleportation
 k - 2 scrolls of immolation
 l - 2 scrolls of enchant armour
 o - a scroll of torment {unknown}
 q - 2 scrolls of amnesia {unknown}
 r - a scroll of fog {unknown}
 x - a scroll of vulnerability {unknown}
 y - a scroll of blinking {unknown}
 B - a scroll of poison {unknown}
 D - a scroll of identify
Potions
 i - 2 potions of flight
 s - 3 potions of magic
 z - a potion of lignification
 A - a potion of degeneration


   Skills:
 + Level 5.3 Fighting
 - Level 16.0 Axes
 + Level 4.9 Armour
 + Level 2.3 Dodging
 + Level 4.9 Shields


You had 9 spell levels left.
You didn't know any spells.
Your spell library contained the following spells:

 Spells                   Type           Power      Damage    Failure   Level
 Apportation              Tloc           0%         N/A       52%         1
 Magic Dart               Conj           0%         1d3       52%         1
 Blink                    Tloc           0%         N/A       65%         2
 Lesser Beckoning         Tloc           0%         N/A       65%         2
 Momentum Strike          Conj/Tloc      0%         3d8       65%         2
 Searing Ray              Conj           0%         2d4       65%         2
 Dazzling Flash           Conj/Hex       0%         N/A       87%         3
 Anguish                  Hex/Necr       0%         N/A       99%         4
 Fulminant Prism          Conj/Hex       0%         3d5       99%         4
 Iskenderun's Mystic Bla  Conj/Tloc      0%         2d3       99%         4
 Petrify                  Tmut/Erth      0%         N/A       99%         4
 Summon Lightning Spire   Summ/Air       0%         N/A       99%         4
 Alistair's Intoxication  Tmut/Pois      0%         N/A       100%        5
 Metabolic Englaciation   Hex/Ice        0%         N/A       100%        5
 Starburst                Conj/Fire      0%         6d3       100%        6
 Statue Form              Tmut/Erth      0%         N/A       100%        6
 Enfeeble                 Hex            0%         N/A       100%        7
 Storm Form               Tmut/Air       0%         N/A       100%        7
 Maxwell's Capacitive Co  Air            0%         ∞         100%        8


Dungeon Overview and Level Annotations

Branches:
Dungeon (8/15)             Temple (0/1) D:5           Sewer (visited)
   Lair: D:8-11

Altars:
Cheibriados
Dithmenos
Elyvilon
Fedhas
Nemelex Xobeh
Okawaru
Ru
Wu Jian

Shops:
D:4 [*==   D:5 !


Message History

The killer bee stings you but does no damage. x2
You block the water moccasin's attack.
You completely miss the howler monkey.
The howler monkey is lightly wounded.
You closely miss the killer bee. You slash the water moccasin!
You miss the killer bee.
The howler monkey hits you but does no damage.
The killer bee stings you but does no damage. x2
You closely miss the howler monkey.
The howler monkey is lightly wounded.
You slash the killer bee!
You kill the killer bee!
Beogh accepts your kill.
You closely miss the killer bee. You closely miss the water moccasin.
The water moccasin bites you but does no damage.
You block the killer bee's attack.
The howler monkey hoots and howls with incredible vigour!
You hear a shout!
You hear a loud, deep croak!
You hear a croak.
You hit the howler monkey.
The howler monkey is moderately wounded.
You closely miss the killer bee. You closely miss the water moccasin.
The killer bee stings you but does no damage.
The water moccasin bites you but does no damage.
You closely miss the howler monkey.
The howler monkey is moderately wounded.
You miss the water moccasin. You hit the killer bee. The killer bee stings you.
* * * LOW HITPOINT WARNING * * *
The howler monkey barely misses you.
The water moccasin bites you but does no damage.
You barely miss the killer bee.
The killer bee is heavily wounded.
You barely miss the howler monkey. You miss the water moccasin.
The killer bee stings you but does no damage.
You closely miss the killer bee.
The killer bee is heavily wounded.
You barely miss the howler monkey. You slash the water moccasin!
You kill the water moccasin!
Beogh accepts your kill. The howler monkey hits you.
You die...

#########
#..yy...#
..h!...#y#
≈§≈§y≈§#♣#######
....h≈.h††<....#
####.≈§........#
..§.≈.........#
_.#§§...#.#####
..#§§§###.# #.§§
..# .§.§§ .##
≈≈≈≈ .


You could see a black bear, a howler monkey (catching breath) and a killer bee.

Vanquished Creatures
  A hornet (D:7)
  A wyvern (D:7)
  5 water moccasins
  5 ice beasts
  A sky beast (D:7)
  3 black bears
  An ogre (D:5)
  3 phantoms
  4 bullfrogs
  4 scorpions
  5 killer bees (D:8)
  3 electric eels (D:6)
  3 howler monkeys
  3 hounds
  A jelly (D:5)
  Terence (D:2)
  An orc priest (D:7)
  A gnoll bouda (D:6)
  6 iguanas
  3 orc wizards (D:6)
  3 gnolls
  12 adders
  4 worms
  16 orcs
  5 endoplasms
  8 giant cockroaches
  6 goblins
  11 hobgoblins
  9 jackals
  8 kobolds
  7 quokkas
  6 ball pythons
  5 bats
  2 frilled lizards
  6 rats
163 creatures vanquished.

Vanquished Creatures (others)
  An orc (D:4)
  An endoplasm (D:4)
  A hobgoblin (D:4)
  2 fungi (D:8)
  9 plants
14 creatures vanquished.

Grand Total: 177 creatures vanquished

Notes
Turn   | Place    | Note
-------+----------+-------------------------------------------
     0 | D:1      | sadpotato the Hill Orc Fighter began the quest for the Orb.
     0 | D:1      | Reached XP level 1. HP: 19/19 MP: 1/1
   119 | D:1      | Reached XP level 2. HP: 23/27 MP: 2/2
   156 | D:1      | Reached skill level 3 in Axes
   366 | D:1      | Reached skill level 4 in Axes
   434 | D:1      | Reached XP level 3. HP: 33/33 MP: 3/3
   684 | D:2      | Noticed Terence
   693 | D:2      | Killed Terence
   694 | D:2      | Reached skill level 5 in Axes
   694 | D:2      | Reached XP level 4. HP: 21/40 MP: 4/4
  1137 | D:2      | Reached skill level 6 in Axes
  1351 | D:2      | Identified the +5 rapier "Sak Niel" {heavy, rCorr Dex+2
                  | SInv Stlth-}
  1622 | D:3      | Noticed a bullfrog
  1636 | D:3      | Killed a bullfrog
  1637 | D:3      | Reached skill level 7 in Axes
  1637 | D:3      | Reached XP level 5. HP: 32/46 MP: 5/5
  1686 | D:3      | You fall into a shaft and drop 1 floor!
  1686 | D:4      | Found Gisov's Antique Armour Shop.
  1790 | D:3      | Found a glowing drain.
  1807 | Sewer    | Entered a sewer
  1839 | Sewer    | Noticed a water moccasin
  1849 | Sewer    | Killed a water moccasin
  1850 | Sewer    | Reached skill level 8 in Axes
  1850 | Sewer    | Reached XP level 6. HP: 28/52 MP: 6/6
  2156 | D:3      | Found an ornate altar of the Wu Jian Council.
  2632 | D:4      | Bought a runed helmet for 187 gold pieces
  2642 | D:5      | Entered Level 5 of the Dungeon
  2722 | D:5      | Reached skill level 9 in Axes
  2722 | D:5      | Reached XP level 7. HP: 58/58 MP: 7/7
  2791 | D:5      | Found Ecagifui's Distillery.
  2805 | D:5      | Found a shadowy altar of Dithmenos.
  2813 | D:4      | Found a white marble altar of Elyvilon.
  2814 | D:4      | Found Paxzyim's Jewellery Emporium.
  2830 | D:4      | Reached skill level 10 in Axes
  3022 | D:4      | Became a worshipper of Beogh the Brigand
  3096 | D:4      | Found Orafrom's Jewellery Emporium.
  3218 | D:4      | Found Owkaneac's Assorted Antiques.
  3226 | D:4      | Bought a scroll of identify for 50 gold pieces
  3754 | D:5      | Reached skill level 11 in Axes
  3827 | D:5      | Reached XP level 8. HP: 57/66 MP: 8/8
  3897 | D:5      | Reached skill level 12 in Axes
  3930 | D:5      | Found a staircase to the Ecumenical Temple.
  3968 | D:5      | Found a sacrificial altar of Ru.
  4356 | D:6      | Found an iron altar of Okawaru.
  4416 | D:6      | Reached * piety under Beogh
  4497 | D:6      | Reached skill level 13 in Axes
  4790 | D:6      | Reached skill level 14 in Axes
  5000 | D:6      | Reached XP level 9. HP: 71/71 MP: 9/9
  5462 | D:6      | Reached skill level 15 in Axes
  5853 | D:7      | Found a snail-covered altar of Cheibriados.
  6026 | D:7      | Noticed a hornet
  6049 | D:7      | Killed a hornet
  6050 | D:7      | Reached skill level 16 in Axes
  6279 | D:7      | Found a sparkling altar of Nemelex Xobeh.
  6593 | D:7      | Reached ** piety under Beogh
  6602 | D:7      | Reached skill level 1 in Dodging
  6631 | D:8      | Found a blossoming altar of Fedhas.
  6636 | D:8      | Reached skill level 5 in Fighting
  6648 | D:8      | Reached XP level 10. HP: 32/81 MP: 10/10
  6664 | D:8      | HP: 6/121 [killer bee (2)]
  6671 | D:8      | HP: 4/121 [killer bee (3)]
  6672 | D:8      | HP: 1/121 [killer bee (3)]
  6677 | D:8      | HP: 4/121 [killer bee (6)]
  6679 | D:8      | Slain by a howler monkey

Illustrated notes

Levels and vault maps discovered:
D:1:      eino_arrival_cavern_e, layout_loops_ring, nrook_mini_vaults
D:2:      layout_loops_cross, kennysheep_cross_bottleneck, uniq_terence
D:3:      layout_basic, nzn_wu_jian_contemplation, gup_sewer_entry_bubbles
D:4:      layout_layer_cave, lemuel_round_altar, serial_shops, shop,
          nicolae_stop_n_shop_1, shop, nicolae_diamond_shop,
          roderic_serpentine_path
D:5:      layout_cave_pools, grunt_dithmenos_smoke_and_mirrors,
          nicolae_ru_path_of_blood, minmay_temple_entry_wispy, serial_shops,
          nicolae_shop_waterfront, kennysheep_dice
D:6:      layout_gridville, okawaru_gym_becter, serial_bayou_lake_a
D:7:      layout_loops_cross, lemuel_tele_altar, mainiacjoe_overflow_boulevard,
          uniq_joseph
D:8:      layout_rooms, xom_confusion_cloud, mainiacjoe_overflow_brackets,
          lemuel_crystal_altar, grunt_lair_entry_orc_guard_hut, enter_bailey_3

Skill      XL: |  1  2  3  4  5  6  7  8  9 |
---------------+----------------------------+-----
Axes           | 4 5 7 8 9 11 14 16 | 16.0
Fighting       | 5 |  5.3
Armour         | 4 |  4.9
Dodging        | 2 |  2.3
Shields        | 4 |  4.9

Action                     |  1- 3 |  4- 6 |  7- 9 | 10-12 || total
---------------------------+-------+-------+-------+-------++-------
  Melee: War axe           |   102 |   130 |   366 |    25 ||   623
 Invoke: Convert to Beogh  |       |       |     1 |       ||     1
    Use: Scroll            |     2 |       |     8 |       ||    10
         Potion            |       |     3 |     3 |     6 ||    12
 Armour: Scale mail        |    51 |    59 |    30 |       ||   140
         Chain mail        |       |       |   192 |     2 ||   194
         Skin              |       |       |       |    56 ||    56
  Dodge: Dodged            |    53 |    62 |   111 |     8 ||   234
  Block: Buckler           |    26 |    14 |    61 |    10 ||   111

Table legend: (Time is in decaauts)
 A = Elapsed time spent in this place.
 B = Non-inter-level travel time spent in this place.
 C = Inter-level travel time spent in this place.
 D = Time resting spent in this place.
 E = Time spent auto-exploring this place.
 F = Levels seen in this place.
 G = Mean time per level.
                   A        B        C        D        E       F      G
               +--------+--------+--------+--------+--------+-----+--------+
         Total |   6778 |   6486 |    292 |    189 |   4760 |   9 |  753.1 |
       Dungeon |   6564 |   6272 |    292 |    167 |   4624 |   8 |  820.5 |
         Sewer |    214 |    214 |      0 |     22 |    136 |   1 |  214.0 |
               +--------+--------+--------+--------+--------+-----+--------+

Top non-repeatable levels by time:
     D:6: 1393 daAuts
     D:4: 953 daAuts
     D:2: 924 daAuts
     D:3: 864 daAuts
     D:7: 850 daAuts
     D:5: 816 daAuts
     D:1: 717 daAuts
   Sewer: 214 daAuts
     D:8: 44 daAuts
